 Dungeon Crawl Stone Soup version 0.32-a0-841-g4648e6c457 (webtiles) character file.

Game seed: 5122343831929772846

3642 ezpacito the Chopper (level 10, -3/84 HPs)
             Began as a Coglin Chaos Knight on Mar 27, 2024.
             Was a Plaything of Xom.
             Slain by a hornet (6 damage)
             ... on level 8 of the Dungeon.
             The game lasted 00:10:51 (7764 turns).

ezpacito the Chopper (Coglin Chaos Knight)          Turns: 7764, Time: 00:10:51

Health: -3/84      AC: 13    Str: 15    XL:     10   Next: 12%
Magic:  4/4        EV:  8    Int:  9    God:    Xom [..*...]
Gold:   349        SH:  0    Dex: 18    Spells: 14/14 levels left

rFire   . . .        a - +0 hand axe (chaos) {Latda}
rCold   . . .        x - +0 hand axe (antimagic) {Ming}
rNeg    . . .        z - +0 chain mail
rPois   .            (no helmet)
rElec   +            r - +0 cloak
rCorr   .            y - +0 pair of gloves of Luenuroo {rElec SInv}
SInv    +            o - +2 pair of boots {Fly}
Will    .....        (amulet unavailable) Stlth
                     (ring unavailable)
HPRegen 1.14/turn    (ring unavailable)
MPRegen 0.09/turn    (no gizmo)

%: no passive effects
@: confused, lethally poisoned (-3 -> -7), ambrosia-drunk, flying, slowed,
revved, very slow
A: off-hand wielding, slow wielding, warmup strikes, no jewellery, iridescent
scales 1, large bone plates 1, agile 1, deformed body, dopey 1, low MP 1,
regeneration 1, robust 1, evolution 1, inability to drink after injury 1,
persistent drain
a: Invent Gizmo, Renounce Religion


You were on level 8 of the Dungeon.
You worshipped Xom.
You were a toy of Xom.
You visited 2 branches of the dungeon, and saw 9 of its levels.

You collected 349 gold pieces.

Inventory:

Hand Weapons
 a - a +0 hand axe of chaos (weapon) {Latda}
 b - a +1 war axe
 x - a +0 antimagic hand axe (offhand) {Ming}
 B - a +0 trident
Missiles
 c - 5 curare-tipped darts
 e - 10 poisoned darts (quivered)
 f - 3 throwing nets
 i - 6 javelins
 s - 9 boomerangs
Armour
 d - a +0 plate armour
 o - a +2 pair of boots of flying (worn)
 r - a +0 cloak (worn)
 y - the +0 pair of gloves of Luenuroo (worn) {rElec SInv}
   (You found it on level 7 of the Dungeon)

   rElec:     It insulates you from electricity.
   SInv:      It lets you see invisible.
 z - a +0 chain mail (worn)
Magical Staves
 j - a staff of death
 m - a staff of conjuration
 v - a staff of alchemy
Wands
 l - a wand of acid (1)
 n - a wand of mindburst (6)
 u - a wand of iceblast (4)
 w - a wand of flame (21)
Scrolls
 g - 5 scrolls of revelation
 h - 2 scrolls of fog
 k - a scroll of silence
 t - a scroll of poison
Potions
 A - a potion of mutation


   Skills:
 * Level 6.4 Fighting
 * Level 6.4(6.9) Axes
 + Level 3.4(5.1) Polearms
 * Level 5.5 Armour
 * Level 5.1 Dodging
 + Level 3.2 Stealth
 + Level 2.8 Spellcasting
 + Level 0.3 Necromancy
 + Level 3.4 Alchemy
 + Level 4.6 Evocations


You had 14 spell levels left.
You didn't know any spells.
Your spell library contained the following spells:

 Spells                   Type           Power      Damage    Failure   Level
 Foxfire                  Conj/Fire      4%         2x1d4     98%         1
 Call Imp                 Summ           2%         N/A       99%         2
 Ensorcelled Hibernation  Hex/Ice        2%         N/A       99%         2
 Sublimation of Blood     Necr           1%         N/A       99%         2
 Frozen Ramparts          Ice            2%         1d1       100%        3
 Ozocubu's Armour         Ice            1%         N/A       100%        3
 Passwall                 Erth           1%         N/A       100%        3
 Swiftness                Air            1%         N/A       100%        3
 Metabolic Englaciation   Hex/Ice        0%         N/A       100%        5
 Plasma Beam              Fire/Air       0%         2x1d10    100%        6
 Starburst                Conj/Fire      0%         6d3       100%        6
 Summon Hydra             Summ           0%         N/A       100%        7


Dungeon Overview and Level Annotations

Branches:
Dungeon (8/15)             Temple (1/1) D:5
   Lair: D:8-11

Altars:
Ashenzari
Cheibriados
Dithmenos
Elyvilon
Fedhas
Gozag
Hepliaklqana
Kikubaaqudgha
Nemelex Xobeh
Okawaru
Qazlal
Ru
Sif Muna
Trog
Uskayaw
Wu Jian
Xom
Zin
The Shining One


Innate Abilities, Weirdness & Mutations

You can wield a second weapon in your off-hand.
It takes a long time for you to wield or remove held weapons.
Your first few attacks do less damage.
You cannot equip rings or amulets.
You are partially covered in iridescent scales. (AC +2)
You are partially covered in large bone plates. (SH +4)
You are agile. (Dex +4, Str/Int -1)
Armour fits poorly on your strangely shaped body.
You are dopey. (Int -2)
Your magical capacity is low. (-10% MP)
Your natural rate of healing is unusually fast.
You are robust. (+10% HP)
You have hidden genetic potential.
You occasionally lose the ability to drink potions when taking damage.
Your health recovers twice as slowly from being drained.


Message History

You feel as though you will be slow longer.
You take 24 damage, and have 15/84 hp.
MASSIVE DAMAGE!!
You closely miss the hornet with your +0 antimagic hand axe.
The hornet is severely wounded.
You hit the hornet but do no damage.
You feel very sick.
The hornet stings you but does no damage. x2
You take 4 damage, and have 11/84 hp.
You are confused.
You feel invigorated.
You feel very sick.
The hornet stings you but does no damage.
The hornet stings you.
* * * LOW HITPOINT WARNING * * *
You are lethally poisoned!
You suddenly lose the ability to move!
You can move again.
You take 2 damage, and have 9/84 hp.
You are more confused.
You feel more invigorated.
You feel very sick.
The hornet stings you but does no damage. x2
You regained 4 hp, and now have 13/84 hp.
You're too confused to move!
You feel very sick.
The hornet stings you but does no damage.
The hornet stings you!
* * * LOW HITPOINT WARNING * * *
You are more poisoned.
You feel as though you will be slow longer.
The hornet barely misses you.
You take 10 damage, and have 3/84 hp.
You miss the hornet with your +0 antimagic hand axe.
The hornet is heavily wounded.
You hit the hornet with your +0 hand axe of chaos.
* * * LOW HITPOINT WARNING * * *
You feel very sick. The hornet closely misses you. The hornet stings you.
You die...
Xom snickers!

#######..##
###...##..##
#........##
#.......##
#.......# ####
##......#
.....##....###
#..!.####
#...@..#
#...y.(.#
#.........#
##......#..#
#.....## #.
#.....#
#....## #....#


You could see a hornet.

Vanquished Creatures
  A hornet (D:6)
  Prince Ribbit (D:6)
  A shadow (D:6)
  Edmund (Temple)
  2 water moccasins (D:6)
  An orc warrior (D:8)
  3 ice beasts (D:6)
  An ogre (D:5)
  A centaur (D:6)
  3 phantoms
  2 bullfrogs
  A gnoll sergeant (D:5)
  3 scorpions
  5 killer bees (D:7)
  2 howler monkeys (D:7)
  A bombardier beetle (D:6)
  4 hounds
  2 jellies
  4 orc priests
  2 gnoll boudas
  5 iguanas
  7 orc wizards
  13 gnolls
  8 adders
  4 shadow imps (D:3)
  2 white imps
  An ufetubus (D:6)
  2 dart slugs
  A ribbon worm (D:3)
  24 orcs
  7 endoplasms
  2 giant cockroaches
  8 goblins
  8 hobgoblins
  3 quokkas
  5 ball pythons
  6 bats
  8 frilled lizards
  10 kobolds
  5 rats
170 creatures vanquished.

Vanquished Creatures (collateral kills)
  An orc warrior (D:6)
  2 scorpions
  Ijyb (D:5)
  An iguana (D:5)
  A gnoll (D:6)
  3 adders (D:6)
  An orc (D:8)
10 creatures vanquished.

Vanquished Creatures (others)
  An orc wizard (D:6)
  A gnoll (D:7)
  An ufetubus (D:6)
  An orc (D:7)
  An orc zombie (D:8)
5 creatures vanquished.

Grand Total: 185 creatures vanquished

Notes
Turn   | Place    | Note
-------+----------+-------------------------------------------
     0 | D:1      | ezpacito the Coglin Chaos Knight began the quest for the
                  | Orb.
     0 | D:1      | Reached XP level 1. HP: 18/18 MP: 1/1
    44 | D:1      | Reached skill level 1 in Dodging
    64 | D:1      | Reached XP level 2. HP: 24/24 MP: 2/2
   290 | D:1      | XOM: divination: detect items
   508 | D:1      | Reached XP level 3. HP: 29/29 MP: 3/3
   650 | D:1      | XOM: cloud trail
  1054 | D:2      | XOM: 6-stop teleportation journey
  1182 | D:2      | XOM: silly message
  1486 | D:3      | Reached XP level 4. HP: 35/35 MP: 4/4
  1591 | D:3      | Found a transporter.
  1656 | D:3      | Noticed a phantom
  1657 | D:3      | XOM: cast spell 'Disjunction'
  1670 | D:3      | Killed a phantom
  1671 | D:3      | Reached skill level 1 in Polearms
  1671 | D:3      | Reached skill level 1 in Evocations
  1671 | D:3      | Reached XP level 5. HP: 40/41 MP: 4/6
  1888 | D:3      | Reached skill level 1 in Stealth
  2003 | D:3      | Found a transporter.
  2158 | D:3      | XOM: 4-stop teleportation journey
  2507 | D:3      | Found a hazy altar of Hepliaklqana.
  2793 | D:4      | Reached skill level 1 in Spellcasting
  2793 | D:4      | Reached XP level 6. HP: 28/48 MP: 7/7
  3050 | D:4      | XOM: give mutations
  3050 | D:4      | Gained mutation: Your magical capacity is low. (-10% MP)
                  | [Xom's mischief]
  3050 | D:4      | Gained mutation: Armour fits poorly on your strangely
                  | shaped body. [Xom's mischief]
  3050 | D:4      | Gained mutation: Your health recovers twice as slowly from
                  | being drained. [Xom's mischief]
  3050 | D:4      | Gained mutation: You are robust. (+10% HP) [Xom's mischief]
  3066 | D:4      | XOM: god gift: scroll labelled YGITRY LITYE {god gift}
  3771 | D:5      | Entered Level 5 of the Dungeon
  3848 | D:5      | XOM: summons friendly crimson imp
  3866 | D:5      | XOM: smoke on damage
  3869 | D:5      | Noticed Ijyb
  3884 | D:5      | Killed Ijyb
  3885 | D:5      | Reached XP level 7. HP: 29/59 MP: 2/7
  4094 | D:5      | Found a staircase to the Ecumenical Temple.
  4138 | D:5      | Noticed Edmund
  4145 | D:5      | XOM: potion effect (curing)
  4164 | Temple   | Entered the Ecumenical Temple
  4229 | Temple   | XOM: summons 2 friendly demons
  4235 | Temple   | Reached skill level 1 in Alchemy
  4431 | Temple   | Killed Edmund
  4687 | D:5      | XOM: summons 5 friendly demons
  4690 | D:5      | Reached XP level 8. HP: 38/62 MP: 3/9
  4699 | D:5      | XOM: polymorph crimson imp -> ufetubus
  4832 | D:5      | You fall into a shaft and drop 2 floors!
  4837 | D:7      | XOM: summons friendly white imp
  5147 | D:6      | Reached skill level 5 in Axes
  5150 | D:6      | Reached skill level 5 in Fighting
  5162 | D:6      | XOM: destruction
  5166 | D:6      | XOM: summons 5 friendly demons
  5347 | D:6      | XOM: fog
  5352 | D:6      | Reached XP level 9. HP: 11/74 MP: 3/10
  5581 | D:6      | XOM: enchant monster (bad)
  5599 | D:6      | HP: 3/74 [poisoned by a water moccasin]
  5602 | D:6      | HP: 1/74 [poisoned by a water moccasin]
  5772 | D:6      | XOM: god gift: scimitar {god gift}
  5839 | D:6      | Noticed Prince Ribbit
  5839 | D:6      | XOM: swap monsters
  5853 | D:6      | Killed Prince Ribbit
  5947 | D:6      | XOM: god gift: wand of iceblast (1)
  6187 | D:6      | XOM: give mutation
  6187 | D:6      | Gained mutation: Your natural rate of healing is unusually
                  | fast. [Xom's grace]
  6226 | D:6      | XOM: give mutations
  6226 | D:6      | Gained mutation: You occasionally lose the ability to drink
                  | potions when taking damage. [Xom's mischief]
  6226 | D:6      | Gained mutation: You have a pair of small antennae on your
                  | head. [Xom's mischief]
  6226 | D:6      | Gained mutation: You are dopey. (Int -2) [Xom's mischief]
  6226 | D:6      | Lost mutation: You have a pair of small antennae on your
                  | head. [Xom's mischief]
  6408 | D:5      | XOM: potion effect (might)
  6775 | D:6      | Reached skill level 5 in Armour
  6827 | D:6      | XOM: give mutations
  6827 | D:6      | Gained mutation: You are partially covered in large bone
                  | plates. (SH +4) [Xom's grace]
  6827 | D:6      | Gained mutation: You have hidden genetic potential. [Xom's
                  | grace]
  6827 | D:6      | Gained mutation: You are partially covered in iridescent
                  | scales. (AC +2) [Xom's grace]
  6827 | D:6      | Gained mutation: You are agile. (Dex +4, Str/Int -1) [Xom's
                  | grace]
  6880 | D:6      | XOM: god gift: wand of acid (5)
  6965 | D:6      | XOM: god gift: 4 stones
  7050 | D:7      | XOM: destruction
  7051 | D:7      | Noticed a hornet
  7058 | D:7      | XOM: blink monster(s)
  7065 | D:6      | Killed a hornet
  7129 | D:7      | XOM: polymorph steam dragon -> frilled lizard
  7259 | D:7      | Noticed Joseph
  7260 | D:7      | XOM: confuse monster(s)
  7269 | D:7      | Joseph changed into Joseph the rat
  7269 | D:7      | Noticed Joseph
  7269 | D:7      | XOM: polymorph Joseph -> Joseph the rat
  7270 | D:7      | Reached XP level 10. HP: 66/83 MP: 4/12
  7275 | D:7      | Killed Joseph the rat
  7288 | D:7      | Identified the +0 pair of gloves of Luenuroo {rElec SInv}
  7332 | D:7      | Reached skill level 5 in Dodging
  7443 | D:7      | XOM: divination: detect items
  7648 | D:8      | XOM: cast spell 'Summon Ice Beast'
  7761 | D:8      | Paralysed by a hornet for 1 turns
  7763 | D:8      | HP: 3/84 [hornet (13)]
  7764 | D:8      | Slain by a hornet

Illustrated notes

Levels and vault maps discovered:
D:1:      lightli_arrival_chessboard, layout_loops_ring
D:2:      minmay_recursive_quarters, layout_rooms, minmay_pentomino_w4
D:3:      gammafunk_wand_slinger, layout_basic, nicolae_hepliaklqana_hippocampus
D:4:      layout_loops_ring, minmay_misc_feat_diagonals
D:5:      layout_cave_pools, minmay_temple_entry_statues_pillars, uniq_ijyb,
          uniq_edmund
D:6:      layout_basic, nicolae_half_adder, uniq_prince_ribbit1
D:7:      layout_rooms, uniq_joseph
D:8:      layout_cave_pods, lemuel_doored_altar, fungi_pond_lemuel
Temple:   nicolae_temple_bog_church

Skill      XL: |  1  2  3  4  5  6  7  8  9 10 |
---------------+-------------------------------+-----
Dodging        | 1 2 3 4 5 |  5.1
Armour         | 2 3 4 5 |  5.5
Polearms       | 1 2 3 |  3.4
Evocations     | 1 2 3 4 |  4.6
Stealth        | 1 2 3 |  3.2
Spellcasting   | 1 2 |  2.8
Axes           | 4 5 6 |  6.4
Fighting       | 4 5 6 |  6.4
Alchemy        | 1 2 3 |  3.4
Necromancy     | |  0.3

Action                     |  1- 3 |  4- 6 |  7- 9 | 10-12 || total
---------------------------+-------+-------+-------+-------++-------
  Melee: Hand axe          |    79 |   128 |   465 |   116 ||   788
         Dagger            |    68 |    47 |       |       ||   115
  Evoke: Wand              |       |    15 |    21 |       ||    36
    Use: Potion            |       |     4 |     3 |     3 ||    10
         Scroll            |       |     5 |     6 |     1 ||    12
   Stab: Sleeping          |     2 |       |       |       ||     2
         Distracted        |       |       |     1 |       ||     1
         Paralysed         |       |       |     1 |       ||     1
         Petrifying        |       |       |     1 |     2 ||     3
         Confused          |       |       |       |     1 ||     1
 Armour: Leather armour    |    45 |    77 |       |       ||   122
         Chain mail        |       |       |   296 |    63 ||   359
  Dodge: Dodged            |    38 |    44 |    99 |    28 ||   209
  Block: Other             |       |       |     9 |     9 ||    18

Table legend: (Time is in decaauts)
 A = Elapsed time spent in this place.
 B = Non-inter-level travel time spent in this place.
 C = Inter-level travel time spent in this place.
 D = Time resting spent in this place.
 E = Time spent auto-exploring this place.
 F = Levels seen in this place.
 G = Mean time per level.
                   A        B        C        D        E       F      G
               +--------+--------+--------+--------+--------+-----+--------+
         Total |   7795 |   7514 |    281 |   1199 |   5015 |   9 |  866.1 |
       Dungeon |   7466 |   7185 |    281 |    927 |   5015 |   8 |  933.2 |
        Temple |    329 |    329 |      0 |    272 |      0 |   1 |  329.0 |
               +--------+--------+--------+--------+--------+-----+--------+

Top non-repeatable levels by time:
     D:6: 1843 daAuts
     D:3: 1323 daAuts
     D:5: 1061 daAuts
     D:4: 1044 daAuts
     D:1: 906 daAuts
     D:7: 569 daAuts
     D:2: 511 daAuts
  Temple: 329 daAuts
     D:8: 206 daAuts
